[Event "Portugal Open 2019"]
[Site "Lisbon"]
[Date "2019.02.02"]
[Round "1.5"]
[White "Xu, Xiangyu"]
[Black "Fernandes, Ricardo Paulos"]
[Result "1-0"]
[ECO "E73"]
[WhiteElo "2565"]
[BlackElo "2015"]
[Annotator "RC"]
[PlyCount "59"]
[EventDate "2019.01.25"]
[EventType "swiss"]
[EventCountry "POR"]
[SourceTitle "playchess.com"]
[Source "ChessBase"]
[SourceQuality "1"]
[TimeControl "5400+30"]

1. d4 Nf6 2. c4 g6 3. Nc3 Bg7 4. e4 d6 5. Be2 O-O 6. Bg5 Nbd7 7. Qd2 c5 8. d5 a6 9. Nf3 Qa5 10. O-O Re8 11. Rfe1 Rb8 12. a4 Qc7 13. h3 Ne5 14. Nxe5 dxe5 15. a5 Qd6 16. Bd1 Nd7 17. Bc2 b5 18. axb6 Nxb6 19. b3 f5 20. exf5 gxf5 21. Ra5 h6 22. Be3 Qf6 23. Rxc5 f4 24. Qd3 fxe3 25. Qh7+ Kf8 26. fxe3 Nd7 27. Rc6 Qh4 28. Rg6 Qxe1+ 29. Kh2 Rd8 30. Rxg7 1-0

[Event "Portugal Open 2019"]
[Site "Lisbon"]
[Date "2019.02.02"]
[Round "1.11"]
[White "Stefansson, Hannes"]
[Black "Myrheim, Hakon Abeland"]
[Result "1-0"]
[ECO "B30"]
[WhiteElo "2514"]
[BlackElo "1993"]
[Annotator "RC"]
[PlyCount "41"]
[EventDate "2019.01.25"]
[EventType "swiss"]
[EventCountry "POR"]
[SourceTitle "playchess.com"]
[Source "ChessBase"]
[SourceQuality "1"]
[TimeControl "5400+30"]

1. e4 c5 2. Nf3 Nc6 3. Bb5 Nf6 4. e5 Nd5 5. Nc3 Nc7 6. Bxc6 dxc6 7. h3 Bf5 8. d3 e6 9. Bg5 Qd7 10. O-O h6 11. Bh4 g5 12. Bg3 Be7 13. Nd2 h5 14. Nce4 O-O-O 15. Nc4 Bxe4 16. dxe4 Qxd1 17. Raxd1 Rd4 18. Nd6+ Bxd6 19. exd6 Ne8 20. Be5 Rxd1 21. Rxd1 1-0

[Event "Portugal Open 2019"]
[Site "Lisbon"]
[Date "2019.02.02"]
[Round "1.17"]
[White "Terrieux, Kevin"]
[Black "Taranin, Konstantin"]
[Result "1-0"]
[ECO "E70"]
[WhiteElo "2459"]
[BlackElo "1976"]
[Annotator "RC"]
[PlyCount "75"]
[EventDate "2019.01.25"]
[EventType "swiss"]
[EventCountry "POR"]
[SourceTitle "playchess.com"]
[Source "ChessBase"]
[SourceQuality "1"]
[TimeControl "5400+30"]

1. d4 Nf6 2. c4 g6 3. Nc3 Bg7 4. e4 O-O 5. Nge2 d6 6. Ng3 Nc6 7. d5 Ne5 8. Be2 b6 9. Be3 Ba6 10. b3 Rc8 11. Rc1 c6 12. h3 cxd5 13. exd5 b5 14. cxb5 Qa5 15. O-O Bb7 16. Qd4 Nxd5 17. Nxd5 Rxc1 18. Nxe7+ Kh8 19. Rxc1 Nf3+ 20. Bxf3 Bxd4 21. Bxd4+ f6 22. Bxb7 Qd2 23. Be3 Qxa2 24. Bd5 Qa5 25. Bc4 Re8 26. Nd5 Qa3 27. Rd1 Rxe3 28. Nxe3 f5 29. Ne2 Kg7 30. Nd4 h6 31. g3 Qb4 32. Nc6 Qa3 33. Nd8 Kf6 34. Nd5+ Kg7 35. Re1 Qa5 36. Re7+ Kg8 37. Nf6+ Kf8 38. Rf7# 1-0

[Event "Portugal Open 2019"]
[Site "Lisbon"]
[Date "2019.02.02"]
[Round "1.20"]
[White "Roque, Armando Filipe"]
[Black "Damaso, Rui"]
[Result "0-1"]
[ECO "E70"]
[WhiteElo "1946"]
[BlackElo "2439"]
[Annotator "RC"]
[PlyCount "148"]
[EventDate "2019.01.25"]
[EventType "swiss"]
[EventCountry "POR"]
[SourceTitle "playchess.com"]
[Source "ChessBase"]
[SourceQuality "1"]
[TimeControl "5400+30"]

1. d4 Nf6 2. c4 g6 3. Nc3 Bg7 4. e4 O-O 5. Be2 c5 6. d5 b5 7. cxb5 a6 8. a4 axb5 9. Bxb5 e6 10. Be3 exd5 11. exd5 d6 12. h3 Na6 13. Nf3 Nc7 14. O-O Nxb5 15. axb5 Bb7 16. Qd2 Qd7 17. Rad1 Rfe8 18. Qd3 Nh5 19. Rfe1 f5 20. Ng5 Bf6 21. Ne6 Ng7 22. Nxg7 Kxg7 23. Qd2 Kf7 24. Bf4 Bd4 25. Rxe8 Rxe8 26. Re1 Rxe1+ 27. Qxe1 Bf6 28. Qd2 Qd8 29. Qe2 Bc8 30. Qc2 Qe7 31. Qe2 Qd8 32. Qc4 g5 33. Bd2 Qa5 34. Kh2 Qa1 35. Qe2 Qxb2 36. Nd1 Qe5+ 37. Qxe5 Bxe5+ 38. g3 Kf6 39. f4 gxf4 40. gxf4 Bd4 41. Nc3 Ke7 42. Kg2 c4 43. Ne2 Bb6 44. Bb4 Bb7 45. Nc3 Be3 46. Kf3 Bd2 47. Kg3 Be1+ 48. Kf3 Kd7 49. Ke2 Bg3 50. Kf3 Bh4 51. Ba5 Bf6 52. Ke3 Bg7 53. Bb4 Bc8 54. Ba5 Bf6 55. Ne2 Bb7 56. Nc3 Ba8 57. Bb4 Kc7 58. Ba5+ Kb8 59. Bb4 Ka7 60. Ba5 Bb7 61. Kd2 Kb8 62. Bb6 Bc8 63. Be3 Bd7 64. Kc2 Be8 65. Kd2 Bh5 66. Bf2 Bf3 67. h4 Kb7 68. Kc2 Bd8 69. Kd2 Ba5 70. Kc2 Bb6 71. Be1 Bd4 72. Kd2 Kb6 73. Bg3 Kc5 74. Kc2 Bxd5 0-1

[Event "Portugal Open 2019"]
[Site "Lisbon"]
[Date "2019.02.02"]
[Round "1.26"]
[White "Casagrande, Federico"]
[Black "Rajesh, V A V"]
[Result "0-1"]
[ECO "D70"]
[WhiteElo "1911"]
[BlackElo "2406"]
[Annotator "RC"]
[PlyCount "140"]
[EventDate "2019.01.25"]
[EventType "swiss"]
[EventCountry "POR"]
[SourceTitle "playchess.com"]
[Source "ChessBase"]
[SourceQuality "1"]
[TimeControl "5400+30"]

1. d4 Nf6 2. c4 g6 3. Nf3 Bg7 4. Nc3 d5 5. g3 O-O 6. Bg2 c6 7. cxd5 cxd5 8. O-O Ne4 9. Qb3 Nc6 10. Rd1 e6 11. Bf4 g5 12. Nxe4 gxf4 13. Nc3 fxg3 14. hxg3 f5 15. e3 Qe7 16. Ne2 Bd7 17. Rac1 Na5 18. Qc3 b6 19. b3 Rac8 20. Qb2 Nc6 21. Rd3 Rfd8 22. Nf4 Bf8 23. Rdc3 Qa3 24. Qe2 Qe7 25. Nh4 Qf7 26. Qh5 Qxh5 27. Nxh5 Ba3 28. Rb1 Nb4 29. Rxc8 Bxc8 30. Nf3 h6 31. Ne5 Kf8 32. Bf1 Bd7 33. Kg2 Ke7 34. Nxd7 Rxd7 35. Bb5 Rc7 36. Nf4 Nxa2 37. Rh1 Bd6 38. Rxh6 Bxf4 39. gxf4 Nc1 40. b4 Na2 41. Kg3 Nxb4 42. Kh4 a6 43. Bf1 b5 44. Kg5 Nc6 45. Rh7+ Kd6 46. Rh8 Rg7+ 47. Kf6 Rg1 48. Bd3 Rd1 49. Bc2 Rd2 50. Bb1 Rb2 51. Bd3 Nb4 52. Bf1 Rxf2 53. Bxb5 axb5 54. Rb8 Nc6 55. Rxb5 Rh2 56. Rb1 Rh6+ 57. Kg5 Rh3 58. Re1 Ke7 59. Kg6 Rg3+ 60. Kh5 Kf6 61. Kh4 Rg4+ 62. Kh3 Nd8 63. Rb1 Nf7 64. Rb6 Rg1 65. Kh2 Re1 66. Rb3 Nh6 67. Kg3 Ng4 68. Kf3 Kg6 69. Ra3 Kh5 70. Rb3 Rxe3+ 0-1

[Event "Portugal Open 2019"]
[Site "Lisbon"]
[Date "2019.02.02"]
[Round "1.31"]
[White "Kaasen, Tor Fredrik"]
[Black "Morais, Vitor"]
[Result "1-0"]
[ECO "A34"]
[WhiteElo "2387"]
[BlackElo "1898"]
[Annotator "NA RC"]
[PlyCount "93"]
[EventDate "2019.01.25"]
[EventType "swiss"]
[EventCountry "POR"]
[SourceTitle "playchess.com"]
[Source "ChessBase"]
[SourceQuality "1"]
[TimeControl "5400+30"]

1. c4 c5 2. Nc3 Nf6 3. Nf3 d5 4. cxd5 Nxd5 5. e4 Nxc3 6. bxc3 g6 7. d4 Bg7 8. Be3 O-O 9. Be2 Nc6 10. O-O cxd4 11. cxd4 Bg4 12. d5 Na5 13. Bd4 b6 14. Bxg7 Kxg7 15. Qd4+ Kg8 16. e5 Bc8 17. Rad1 Bb7 18. Rd2 Rc8 19. Ng5 h6 20. Ne4 Kh7 21. h4 f5 22. exf6 exf6 23. h5 f5 24. hxg6+ Kxg6 25. Ng3 Qf6 26. Qf4 Rcd8 27. Nxf5 Qg5 28. Qxg5+ Kxg5 29. Ne3 Rd6 30. g3 Rfd8 31. f4+ Kf6 32. Kf2 a6 33. Rh1 Rh8 34. Bf3 b5 35. Rc2 Rd7 36. Rh5 Kg6 37. Be4+ Kf7 38. Bf5 Rd6 39. Rc7+ Ke8 40. Be6 Kd8 41. Rc1 Rb6 42. g4 Nc4 43. Nxc4 bxc4 44. Rxc4 Rb2+ 45. Ke3 Rxa2 46. Rb4 Kc7 47. d6+ 1-0

[Event "Portugal Open 2019"]
[Site "Lisbon"]
[Date "2019.02.02"]
[Round "1.33"]
[White "Low, Zhen Yu Cyrus"]
[Black "Mabille, Natacha"]
[Result "1-0"]
[ECO "C50"]
[WhiteElo "2377"]
[BlackElo "1896"]
[Annotator "NA RC"]
[PlyCount "43"]
[EventDate "2019.01.25"]
[EventType "swiss"]
[EventCountry "POR"]
[SourceTitle "playchess.com"]
[Source "ChessBase"]
[SourceQuality "1"]
[TimeControl "5400+30"]

1. e4 e5 2. Nf3 Nc6 3. Bc4 Bc5 4. O-O Nf6 5. d3 d6 6. c3 Bg4 7. Nbd2 O-O 8. Re1 a6 9. Bb3 Ba7 10. Nf1 Be6 11. Bc2 Ng4 12. d4 Bd7 13. h3 Nf6 14. Ng3 Re8 15. Be3 Qe7 16. Qd2 Qf8 17. Bg5 Kh8 18. Bxf6 gxf6 19. Nh5 Qe7 20. Qh6 Rg8 21. Nxf6 Rg7 22. Ng5 1-0

[Event "Portugal Open 2019"]
[Site "Lisbon"]
[Date "2019.02.02"]
[Round "1.34"]
[White "Damasceno, Jorge"]
[Black "Di Nicolantonio, Lucas"]
[Result "0-1"]
[ECO "A89"]
[WhiteElo "1890"]
[BlackElo "2364"]
[Annotator "NA RC"]
[PlyCount "40"]
[EventDate "2019.01.25"]
[EventType "swiss"]
[EventCountry "POR"]
[SourceTitle "playchess.com"]
[Source "ChessBase"]
[SourceQuality "1"]
[TimeControl "5400+30"]

1. Nf3 g6 2. d4 Bg7 3. c4 f5 4. Nc3 Nf6 5. g3 d6 6. Bg2 O-O 7. O-O Nc6 8. d5 Ne5 9. Nxe5 dxe5 10. e4 f4 11. b3 g5 12. Bb2 a6 13. Qc2 Qe8 14. Rfe1 Qh5 15. d6 exd6 16. Nd5 f3 17. Nxf6+ Rxf6 18. Qd1 Bg4 19. h3 Bxh3 20. Bf1 Bxf1 0-1

[Event "Portugal Open 2019"]
[Site "Lisbon"]
[Date "2019.02.02"]
[Round "1.36"]
[White "Nikula, Mikko"]
[Black "Rocha, Sergio"]
[Result "0-1"]
[ECO "B07"]
[WhiteElo "1889"]
[BlackElo "2354"]
[Annotator "RC"]
[PlyCount "100"]
[EventDate "2019.01.25"]
[EventType "swiss"]
[EventCountry "POR"]
[SourceTitle "playchess.com"]
[Source "ChessBase"]
[SourceQuality "1"]
[TimeControl "5400+30"]

1. e4 d6 2. d4 Nf6 3. Nc3 a6 4. Be3 g6 5. Qd2 Nbd7 6. f3 b5 7. a4 b4 8. Nd1 Rb8 9. c3 bxc3 10. bxc3 c5 11. Bd3 Qa5 12. Ne2 Bg7 13. O-O O-O 14. Nf2 Nb6 15. Rfb1 Be6 16. d5 Bd7 17. Qa2 Rfc8 18. c4 Ne8 19. Bd2 Qxa4 20. Nc3 Qxa2 21. Rxa2 Nc7 22. Rab2 Nca8 23. Ra2 Bxc3 24. Bxc3 Na4 25. Nd1 Rxb1 26. Bxb1 Rb8 27. Bc2 Nxc3 28. Nxc3 Nc7 29. Ba4 Bxa4 30. Rxa4 Rb3 31. Ne2 Kf8 32. Kf2 Ke8 33. Ke1 Kd7 34. Kd2 Rb2+ 35. Kd3 Kc8 36. g3 Kb7 37. h4 Na8 38. Ra1 Nb6 39. f4 Nxc4 40. Nc3 Nb6 41. e5 Rg2 42. Ne4 Nxd5 43. exd6 Nb4+ 44. Kc4 exd6 45. Nxd6+ Kb6 46. Nc8+ Kc7 47. Kxc5 Kxc8 48. Kxb4 Rxg3 49. Rxa6 Kd7 50. h5 Rg4 0-1

[Event "Portugal Open 2019"]
[Site "Lisbon"]
[Date "2019.02.02"]
[Round "1.38"]
[White "Newton, Andrew"]
[Black "Plichta, Kamil"]
[Result "1-0"]
[ECO "B07"]
[WhiteElo "1883"]
[BlackElo "2347"]
[Annotator "NA RC"]
[PlyCount "73"]
[EventDate "2019.01.25"]
[EventType "swiss"]
[EventCountry "POR"]
[SourceTitle "playchess.com"]
[Source "ChessBase"]
[SourceQuality "1"]
[TimeControl "5400+30"]

1. e4 d6 2. d4 Nf6 3. Nc3 g6 4. Bg5 c6 5. Qd2 Nbd7 6. O-O-O b5 7. e5 b4 8. exf6 bxc3 9. Qxc3 Nxf6 10. Bxf6 exf6 11. Qxc6+ Bd7 12. Re1+ Be7 13. Qxd6 Kf8 14. Qd5 Be6 15. Qxd8+ Rxd8 16. Nf3 Bd5 17. Rd1 g5 18. c4 Be4 19. d5 Bc5 20. Nd2 Bg6 21. f3 Kg7 22. Ne4 Be3+ 23. Kc2 h5 24. Bd3 h4 25. Rhe1 Bf4 26. h3 f5 27. Nc3 Bd6 28. a3 Kf6 29. Nb5 Bg3 30. Re2 Rd7 31. b4 Be5 32. Rde1 Bg3 33. Re8 Bxe1 34. Rxh8 Bf2 35. Re8 f4 36. Nc3 Be3 37. c5 1-0

[Event "Portugal Open 2019"]
[Site "Lisbon"]
[Date "2019.02.02"]
[Round "1.40"]
[White "Morejko, Wojciech"]
[Black "Pantzar, Milton"]
[Result "0-1"]
[ECO "E01"]
[WhiteElo "1879"]
[BlackElo "2331"]
[Annotator "RC"]
[PlyCount "82"]
[EventDate "2019.01.25"]
[EventType "swiss"]
[EventCountry "POR"]
[SourceTitle "playchess.com"]
[Source "ChessBase"]
[SourceQuality "1"]
[TimeControl "5400+30"]

1. c4 e6 2. d4 d5 3. g3 Nf6 4. Bg2 Bb4+ 5. Bd2 Be7 6. Nf3 O-O 7. O-O c6 8. Qc2 Nbd7 9. Bf4 Ne4 10. Nc3 g5 11. Bc1 f5 12. cxd5 exd5 13. Rd1 h6 14. Ne5 Nxe5 15. dxe5 Qe8 16. Nxe4 fxe4 17. Be3 Bg4 18. h3 Be6 19. Rac1 Rf7 20. Rf1 c5 21. Rcd1 Bf8 22. Kh2 Rd8 23. Bc1 Bf5 24. Qb3 Qxe5 25. f4 exf3 26. exf3 c4 27. Qb5 Bd3 28. Rfe1 Qd6 29. f4 a6 30. Qa5 b6 31. Qc3 Bg7 32. Qd2 gxf4 33. gxf4 Rdf8 34. Qf2 Kh8 35. Kh1 Rf5 36. a3 d4 37. b3 b5 38. bxc4 bxc4 39. Qf3 Bc2 40. Bb2 Bxd1 41. Rxd1 Rxf4 0-1

[Event "Portugal Open 2019"]
[Site "Lisbon"]
[Date "2019.02.03"]
[Round "2"]
[White "Iniyan, P."]
[Black "Kubicka, Anna"]
[Result "1-0"]
[ECO "A40"]
[WhiteElo "2480"]
[BlackElo "2186"]
[Annotator "RC"]
[PlyCount "117"]
[EventDate "2019.01.25"]
[EventType "swiss"]
[EventCountry "POR"]
[SourceTitle "playchess.com"]
[Source "ChessBase"]
[SourceQuality "1"]
[TimeControl "5400+30"]

1. d4 g6 2. c4 Bg7 3. e4 d6 4. Nc3 e5 5. Nge2 Nc6 6. Be3 exd4 7. Nxd4 Nge7 8. Be2 O-O 9. h4 f5 10. Qd2 Qe8 11. Ndb5 Qf7 12. Nxc7 Rb8 13. N7b5 f4 14. Bxa7 Nxa7 15. Nxa7 Be6 16. Nab5 Rfd8 17. Rd1 Be5 18. Nd4 Bxc4 19. Nf3 Bxe2 20. Nxe5 dxe5 21. Qxe2 Nc6 22. O-O Nd4 23. Qg4 f3 24. g3 h5 25. Qg5 Qe6 26. Kh2 Rd7 27. Rd3 Rbd8 28. Rfd1 Kg7 29. Nd5 Rc8 30. Rc3 Rc6 31. a4 Rf7 32. a5 Kh7 33. Ra1 Rxc3 34. bxc3 Nb3 35. Ra2 Qa6 36. Ne3 Nc1 37. Rd2 Nb3 38. Rb2 Qxa5 39. g4 Qxc3 40. Rc2 Qd4 41. gxh5 Qxe4 42. Rc4 Nd4 43. Ng4 Qf4+ 44. Kh3 Qxg5 45. hxg5 Rf4 46. Nf6+ Rxf6 47. Rc7+ Kg8 48. gxf6 gxh5 49. Kh4 b5 50. Kxh5 Ne6 51. Re7 Nf4+ 52. Kg5 Nh3+ 53. Kg6 Nf4+ 54. Kf5 Nd3 55. Ke6 e4 56. Re8+ Kh7 57. f7 Nf4+ 58. Kf6 Ng6 59. Rxe4 1-0

[Event "Portugal Open 2019"]
[Site "Lisbon"]
[Date "2019.02.03"]
[Round "2"]
[White "Pantzar, Milton"]
[Black "Froewis, Annika"]
[Result "1-0"]
[ECO "C78"]
[WhiteElo "2331"]
[BlackElo "2104"]
[Annotator "NA RC"]
[PlyCount "69"]
[EventDate "2019.01.25"]
[EventType "swiss"]
[EventCountry "POR"]
[SourceTitle "playchess.com"]
[Source "ChessBase"]
[SourceQuality "1"]
[TimeControl "5400+30"]

1. e4 e5 2. Nf3 Nc6 3. Bb5 a6 4. Ba4 Nf6 5. O-O b5 6. Bb3 Bc5 7. c3 (7. a4 Rb8 8. c3 {0-1 (33) Yu,Y (2759)-Svidler,P (2753) Shenzhen 2018}) 7... d6 8. a4 Rb8 9. d4 Bb6 10. a5 {C78: Ruy Lopez: Archangelsk and Möller Defences} Ba7 11. h3 O-O 12. Re1 $146 ({Predecessor:} 12. Be3 Ra8 13. Nbd2 Bb7 {0-1 (66) Pantzar,M (2330)-Nesterov,A (2411) Stockholm 2018}) 12... Bb7 13. Be3 Ra8 (13... exd4 14. cxd4 Ne7 15. Nbd2 Bxe4 16. Nxe4 Nxe4 17. Qc2 d5 {0-1 (33) Yu,Y (2759)-Svidler,P (2753) Shenzhen 2018}) 14. Nbd2 h6 15. Nf1 Re8 16. Ng3 Qd7 ({Predecessor:} 16... exd4 17. cxd4 Nxe4 {0-1 (66) Pantzar,M (2330)-Nesterov,A (2411) Stockholm 2018}) 17. Qd2 d5 $2 {[#]} (17... Nh7 18. Nf5 Kh8) 18. Bxh6 $1 g6 19. exd5 Nxd5 20. Qg5 Re6 21. Bxd5 Qxd5 22. Ne4 Qd8 23. d5 Qxg5 24. Bxg5 f5 25. Ng3 e4 26. dxc6 Bxc6 27. Nd4 Bxd4 28. cxd4 Bd5 29. Rac1 $18 c6 30. Re3 Kf7 31. Ne2 Rd6 32. Bf4 Rd7 33. h4 Rc8 34. Be5 Bc4 35. b3 1-0

[Event "Portugal Open 2019"]
[Site "Lisbon"]
[Date "2019.02.03"]
[Round "2"]
[White "Gu, Xiaobing"]
[Black "Jazdanovs, Aleksandrs"]
[Result "0-1"]
[ECO "B90"]
[WhiteElo "2326"]
[BlackElo "2100"]
[Annotator "RC"]
[PlyCount "90"]
[EventDate "2019.01.25"]
[EventType "swiss"]
[EventCountry "POR"]
[SourceTitle "playchess.com"]
[Source "ChessBase"]
[SourceQuality "1"]
[TimeControl "5400+30"]

1. e4 c5 2. Nf3 d6 3. d4 cxd4 4. Nxd4 Nf6 5. Nc3 a6 6. Be3 e5 7. Nb3 Be6 8. f3 h5 9. Nd5 Bxd5 10. exd5 Nbd7 11. Qd2 b6 12. Be2 g6 13. O-O Bg7 14. Bg5 O-O 15. Rad1 Qc7 16. Kh1 Rfe8 17. Qd3 e4 18. fxe4 Nxe4 19. Bc1 f5 20. Nd4 Bxd4 21. Qxd4 Ng3+ 22. hxg3 Rxe2 23. Rde1 Qxc2 24. Bh6 Qxb2 25. Qxb2 Rxb2 26. Re6 Nc5 27. Rxg6+ Kh7 28. Bc1 Kxg6 29. Bxb2 Re8 30. Rb1 b5 31. Ba3 Re4 32. Rd1 b4 33. Bc1 Re2 34. Bf4 Rxa2 35. Rb1 Ne4 36. Rxb4 Ra1+ 37. Kh2 Nf2 38. g4 hxg4 39. g3 Nd3 40. Rb6 Ra2+ 41. Kg1 Nxf4 42. gxf4 Kh5 43. Rxd6 g3 44. Rc6 Kg4 45. d6 Kh3 0-1

[Event "Portugal Open 2019"]
[Site "Lisbon"]
[Date "2019.02.03"]
[Round "2"]
[White "Shailesh, Dravid"]
[Black "Saltvedt, Martin"]
[Result "1-0"]
[ECO "B12"]
[WhiteElo "2324"]
[BlackElo "2095"]
[Annotator "NA RC"]
[PlyCount "59"]
[EventDate "2019.01.25"]
[EventType "swiss"]
[EventCountry "POR"]
[SourceTitle "playchess.com"]
[Source "ChessBase"]
[SourceQuality "1"]
[TimeControl "5400+30"]

1. e4 c6 2. d4 d5 3. e5 Bf5 4. Nc3 e6 5. g4 Bg6 6. Nge2 Nd7 $146 ({Predecessor:} 6... c5 7. h4 h6 8. Be3 Nc6 9. dxc5 Nxe5 10. Nf4 {½-½ (31) Pinkovetsky,S (2610)-Wunderlich,H (2562) ICCF email 2004}) 7. h4 h6 8. Nf4 Bh7 {[%emt 0:02:08] B12: Caro-Kann: Advance Variation} 9. Be3 c5 10. dxc5 Nxe5 11. Bb5+ Nc6 12. Qe2 Nge7 13. O-O-O Qa5 14. Rd2 ({Predecessor:} 14. Rd4 O-O-O 15. Ra4 Qc7 16. Rd1 g5 17. Bxc6 Nxc6 {½-½ (31) Pinkovetsky,S (2610)-Wunderlich,H (2562) ICCF email 2004}) 14... a6 15. Ba4 Rd8 16. Rhd1 Ng6 17. Nxg6 Bxg6 18. h5 Bh7 19. Rxd5 (19. Bd4 $16) 19... Be7 20. Rxd8+ Bxd8 21. Qf3 O-O 22. Bxc6 bxc6 23. Qxc6 Bf6 24. Bd4 Bg5+ 25. Kb1 ({Weaker is} 25. Be3) 25... Rb8 26. Be5 Rd8 27. Rxd8+ Qxd8 $18 28. Qd6 Qa8 29. c6 a5 30. Qb8+ 1-0

[Event "Portugal Open 2019"]
[Site "Lisbon"]
[Date "2019.02.03"]
[Round "2"]
[White "Bertola, Georges"]
[Black "Pastar, Slaven"]
[Result "0-1"]
[ECO "B40"]
[WhiteElo "2101"]
[BlackElo "2330"]
[Annotator "RC"]
[PlyCount "78"]
[EventDate "2019.01.25"]
[EventType "swiss"]
[EventCountry "POR"]
[SourceTitle "playchess.com"]
[Source "ChessBase"]
[SourceQuality "1"]
[TimeControl "5400+30"]

1. e4 c5 2. Nf3 e6 3. g3 Nc6 4. Bg2 Nf6 5. Nc3 d5 6. exd5 exd5 7. O-O Be7 8. d4 cxd4 9. Nxd4 O-O 10. h3 h6 11. Be3 Re8 12. Re1 Bb4 13. a3 Ba5 14. b4 Bb6 15. Nxc6 bxc6 16. Bxb6 Rxe1+ 17. Qxe1 axb6 18. b5 cxb5 19. Nxb5 Ra5 20. Nd4 Qd6 21. Qc3 Bd7 22. Qb2 Ra4 23. Rb1 Qc5 24. c3 Rxa3 25. Qxb6 Qxc3 26. Nb5 Bxb5 27. Qxb5 Ra1 28. Rxa1 Qxa1+ 29. Kh2 Qd4 30. Kg1 g6 31. Bf3 Kg7 32. Kg2 Qc4 33. Qb1 d4 34. Qd1 d3 35. Qa1 d2 36. Qe5 Qd3 37. Qa1 g5 38. Qf1 Qd4 39. Qd1 Nd7 0-1

[Event "Portugal Open 2019"]
[Site "Lisbon"]
[Date "2019.02.03"]
[Round "2"]
[White "Sousa, Hugo Carneiro"]
[Black "Fus, Jakub"]
[Result "0-1"]
[ECO "C54"]
[WhiteElo "2097"]
[BlackElo "2326"]
[Annotator "NA RC"]
[PlyCount "64"]
[EventDate "2019.01.25"]
[EventType "swiss"]
[EventCountry "POR"]
[SourceTitle "playchess.com"]
[Source "ChessBase"]
[SourceQuality "1"]
[TimeControl "5400+30"]

1. e4 e5 2. Nf3 Nc6 3. Bc4 Bc5 4. c3 Nf6 5. d3 d6 6. Bb3 a6 7. h3 h6 8. Nbd2 Ba7 9. Nf1 Be6 10. Bc2 O-O 11. g4 d5 12. Qe2 dxe4 13. dxe4 b5 14. Bb3 Nd7 15. g5 (15. Be3 $11 {remains equal.}) 15... Bxb3 16. axb3 Nc5 17. gxh6 $2 (17. Ng3 $17 {is more resistant.}) 17... Nd3+ 18. Kd1 Nxf2+ (18... Nf4+ $142 19. Qd2 Qf6 20. h7+ Kxh7) 19. Kc2 Nxh1 20. Qg2 g6 21. Qxh1 Qd6 22. Ne3 Ne7 23. Qg2 Rad8 24. Qe2 f5 25. exf5 $2 (25. Ng5) 25... e4 26. Nh4 Qd3+ 27. Qxd3 exd3+ 28. Kd2 Bxe3+ 29. Kxe3 g5 30. Nf3 Nxf5+ $19 31. Kd2 Rd6 32. Nxg5 Ng3 0-1

[Event "Portugal Open 2019"]
[Site "Lisbon"]
[Date "2019.02.03"]
[Round "3.3"]
[White "Hansen, Eric"]
[Black "Di Nicolantonio, Lucas"]
[Result "1-0"]
[ECO "C42"]
[WhiteElo "2615"]
[BlackElo "2364"]
[Annotator "RC"]
[PlyCount "121"]
[EventDate "2019.01.25"]
[EventType "swiss"]
[EventCountry "POR"]
[SourceTitle "playchess.com"]
[Source "ChessBase"]
[SourceQuality "1"]
[TimeControl "5400+30"]

1. e4 e5 2. Nf3 Nf6 3. Nxe5 d6 4. Nf3 Nxe4 5. d4 d5 6. Bd3 Bd6 7. O-O O-O 8. Re1 Bf5 9. Nc3 Nxc3 10. bxc3 Bxd3 11. Qxd3 h6 12. c4 dxc4 13. Qxc4 Nc6 14. Bb2 Qd7 15. Qb3 Rfe8 16. c4 b6 17. Bc3 Rxe1+ 18. Rxe1 Re8 19. Rd1 Bf8 20. h3 Re4 21. Kf1 Re8 22. Qc2 Nb4 23. Qb3 Nc6 24. Qa4 a5 25. Qb5 Nb8 26. Qb3 Nc6 27. Qb5 Nb8 28. Qb1 Qa4 29. Qb3 Qxb3 30. axb3 Nc6 31. d5 Nb4 32. Be5 Na6 33. Bh2 Bc5 34. Re1 Kf8 35. Ne5 Re7 36. Nd3 Rxe1+ 37. Kxe1 Ba3 38. Kd2 Ke7 39. Be5 g6 40. g4 Bd6 41. Bg7 h5 42. gxh5 gxh5 43. Bd4 Nb8 44. Ke3 Nd7 45. Ke4 f6 46. Kf5 Kf7 47. Be3 Ne5 48. Nxe5+ Bxe5 49. Bf4 Bxf4 50. Kxf4 Ke7 51. Kf5 Kd6 52. Kxf6 Kc5 53. Ke7 Kb4 54. Kd7 Kxb3 55. Kxc7 a4 56. d6 a3 57. d7 a2 58. d8=Q a1=Q 59. Qd5 Qc3 60. c5+ Kc2 61. Qf5+ 1-0

[Event "Portugal Open 2019"]
[Site "Lisbon"]
[Date "2019.02.03"]
[Round "3.14"]
[White "Garcia Dorado, Alberto"]
[Black "Iniyan, P."]
[Result "0-1"]
[ECO "E68"]
[WhiteElo "2223"]
[BlackElo "2480"]
[Annotator "RC"]
[PlyCount "74"]
[EventDate "2019.01.25"]
[EventType "swiss"]
[EventCountry "POR"]
[SourceTitle "playchess.com"]
[Source "ChessBase"]
[SourceQuality "1"]
[TimeControl "5400+30"]

1. d4 Nf6 2. c4 g6 3. g3 Bg7 4. Bg2 O-O 5. Nf3 d6 6. Nc3 Nbd7 7. O-O e5 8. e4 exd4 9. Nxd4 Re8 10. Re1 Ng4 11. h3 Nge5 12. b3 Nc5 13. Be3 a5 14. Bf1 Bd7 15. f4 Nc6 16. Bf2 f5 17. e5 Nxd4 18. Bxd4 Ne6 19. Bf2 Bc6 20. Bg2 Bxg2 21. Kxg2 dxe5 22. fxe5 Ng5 23. Qxd8 Raxd8 24. Rad1 Rxd1 25. Nxd1 Rxe5 26. Rxe5 Bxe5 27. Be1 b6 28. c5 Ne4 29. cxb6 cxb6 30. g4 Kf7 31. gxf5 gxf5 32. Ne3 Ke6 33. Nc4 Bd4 34. Bh4 Nc3 35. a4 Kd5 36. Kf3 Nxa4 37. Nxa5 Nc5 0-1

[Event "Portugal Open 2019"]
[Site "Lisbon"]
[Date "2019.02.03"]
[Round "3.15"]
[White "Bilguun, Sumiya"]
[Black "Sorensen, Hampus"]
[Result "1-0"]
[ECO "C50"]
[WhiteElo "2471"]
[BlackElo "2289"]
[Annotator "RC"]
[PlyCount "181"]
[EventDate "2019.01.25"]
[EventType "swiss"]
[EventCountry "POR"]
[SourceTitle "playchess.com"]
[Source "ChessBase"]
[SourceQuality "1"]
[TimeControl "5400+30"]

1. e4 e5 2. Bc4 Nf6 3. d3 Nc6 4. Nf3 Bc5 5. O-O a6 6. c3 Ba7 7. Bb3 O-O 8. Bg5 h6 9. Bh4 d6 10. Nbd2 g5 11. Bg3 Re8 12. Nc4 Ne7 13. d4 Nxe4 14. Ncxe5 dxe5 15. Nxe5 Be6 16. Bxe6 fxe6 17. Qg4 Nd6 18. Qxe6+ Kg7 19. Ng4 Ng8 20. Be5+ Kh7 21. Qb3 Qc8 22. Qd1 Rf8 23. f4 Qe6 24. Qd3+ Qg6 25. Qf3 Rf7 26. Bxd6 cxd6 27. f5 Qh5 28. Rae1 Raf8 29. h3 Kh8 30. Re6 Nf6 31. Rfe1 Bb6 32. Rxd6 Bc7 33. Rde6 Nxg4 34. hxg4 Qh2+ 35. Kf2 Kh7 36. Ke2 Qf4 37. Qh3 Rf6 38. Kd1 Bd6 39. Kc2 Kg7 40. R6e3 Qh2 41. Qxh2 Bxh2 42. g3 h5 43. Rh1 hxg4 44. Rxh2 Rxf5 45. Rhe2 Rf3 46. d5 R8f5 47. c4 b5 48. d6 bxc4 49. d7 Rxe3 50. Rxe3 Rd5 51. Re5 Rxd7 52. Rxg5+ Kf6 53. Rxg4 Rc7 54. Kc3 Ke5 55. Rg6 a5 56. Rg5+ Kd6 57. Rxa5 Rg7 58. Kxc4 Rxg3 59. b4 Kc6 60. Rc5+ Kb6 61. a4 Rg4+ 62. Kb3 Rg3+ 63. Rc3 Rg5 64. Rh3 Rg6 65. a5+ Ka6 66. Ka4 Rf6 67. b5+ Ka7 68. Rh7+ Ka8 69. a6 Rf1 70. Ka5 Rf5 71. Re7 Kb8 72. Rd7 Rh5 73. Kb6 Rh6+ 74. Kc5 Rh5+ 75. Rd5 Rh1 76. b6 Rc1+ 77. Kb5 Rb1+ 78. Kc6 Rc1+ 79. Rc5 Rb1 80. Re5 Rc1+ 81. Kd5 Rd1+ 82. Kc4 Rc1+ 83. Kd3 Rd1+ 84. Ke2 Rd8 85. Re7 Rh8 86. Kd3 Rh3+ 87. Kd4 Rh4+ 88. Kd5 Rh5+ 89. Kd6 Rh6+ 90. Re6 Rh8 91. Kd7 1-0